 Dungeon Crawl Stone Soup version 0.32-a0-422-g28b100f618 (webtiles) character file.

Game seed: 13651691380138858499

53 Dittersdorf the Shield-Bearer (level 3, 0/24 HPs)
             Began as a Gargoyle Fighter on Feb 21, 2024.
             Slain by a gnoll
             ... wielding a +0 club
              (2 damage)
             ... on level 1 of the Dungeon.
             The game lasted 00:00:42 (815 turns).

Dittersdorf the Shield-Bearer (Gargoyle Fighter)     Turns: 815, Time: 00:00:42

Health: 0/24       AC: 10    Str: 21    XL:     3   Next: 87%
Magic:  3/3        EV:  9    Int:  8    God:
Gold:   46         SH:  4    Dex:  9    Spells: 2/2 levels left

rFire   . . .        a - +0 flail
rCold   . . .        c - +0 buckler
rNeg    + . .        b - +0 scale mail
rPois   ∞            (no helmet)
rElec   +            (no cloak)
rCorr   .            (no gloves)
SInv    .            (no boots)
Will    .....        (no amulet) Stlth
                     (no ring)
HPRegen 0.24/turn    (no ring)
MPRegen 0.08/turn

%: no passive effects
@: no status effects
A: sickness immunity, AC +3, negative energy resistance 1, electricity
resistance, torment resistance 1, petrification resistance
a: no special abilities


You were on level 1 of the Dungeon.
You visited 1 branch of the dungeon, and saw 2 of its levels.

You collected 46 gold pieces.

Inventory:

Hand Weapons
 a - a +0 flail (weapon)
Armour
 b - a +0 scale mail (worn)
 c - a +0 buckler (worn)
Potions
 d - a potion of might
 e - 2 potions of curing {unknown}
 f - a potion of magic {unknown}


   Skills:
 + Level 3.8 Fighting
 + Level 2.6 Maces & Flails
 + Level 3.8 Armour
 + Level 3.8 Shields


You had 2 spell levels left.
You didn't know any spells.
Your spell library was empty.

Dungeon Overview and Level Annotations

Branches:
Dungeon (2/15)

Altars:


Innate Abilities, Weirdness & Mutations

You are immune to sickness and miasma.
Your stone body is resilient. (AC +3)
You are immune to poison.
You resist negative energy. (rN+)
You are resistant to electric shocks. (rElec)
You are resistant to unholy torment.
You are immune to petrification.


Message History

No target in view!
No target in view!
No target in view!
No target in view!
Done exploring.
Done exploring.
Done exploring.
No target in view!
Search for what [? for help]? .
What level of the Dungeon? (default 1, ? - help)
There is a stone staircase leading down here.
You climb downwards.
Found a shiny onyx ring.
There is a stone staircase leading up here.
A gnoll comes into view. It is wielding a +2 heavy spear.
The gnoll shouts!
A gnoll comes into view.
It is wielding a +0 club. 2 gnolls come into view.
The gnoll shouts! x3
There is a stone staircase leading up here.
The gnoll hits you with a +2 heavy spear!
Ouch! That really hurt!
There is a stone staircase leading up here.
You block the gnoll's attack. The gnoll closely misses you.
You climb upwards.
There is a stone staircase leading down here.
You hit the gnoll.
The gnoll is moderately wounded.
The gnoll hits you with a +0 club.
The gnoll hits you with a +2 heavy spear.
* * * LOW HITPOINT WARNING * * *
You hit the gnoll.
The gnoll is severely wounded.
The gnoll hits you but does no damage.
The gnoll hits you with a +2 heavy spear.
* * * LOW HITPOINT WARNING * * *
You hit the gnoll.
The gnoll is heavily wounded.
The gnoll barely misses you. x2; The gnoll hits you with a +0 club.
You die...

#.#.#.#.# #.# #.#.#.#.###.#
#.#.#.....#.# #.#.#.#...#.#
#.#...#.###.# ############
#.#...#...#.# ...........#
#.###.###.#.#
...#######.##########.........#.#
...#.....#......@g.(.........##.#
...'.....##...###g#####......##.#
#.##.....##.#...#.# #......##.#
#.####'####.###.#.# #...÷..##.#
...##.......# #.#.# #......##.#
...##.....### #.#.# #######...#
#.####'#### #...### #.........#
#.##.....# ##....###..........
...#..>..# ##.#..##.........#


You could see 2 gnolls.

Vanquished Creatures
  5 endoplasms (D:1)
  A giant cockroach (D:1)
  2 hobgoblins (D:1)
  2 jackals (D:1)
  3 kobolds (D:1)
  2 quokkas (D:1)
  5 ball pythons (D:1)
  A bat (D:1)
  3 frilled lizards (D:1)
  5 rats (D:1)
29 creatures vanquished.

Notes
Turn   | Place    | Note
-------+----------+-------------------------------------------
     0 | D:1      | Dittersdorf the Gargoyle Fighter began the quest for the
                  | Orb.
     0 | D:1      | Reached XP level 1. HP: 14/14 MP: 1/1
    87 | D:1      | Reached XP level 2. HP: 16/19 MP: 2/2
   204 | D:1      | Reached XP level 3. HP: 21/23 MP: 3/3
   813 | D:1      | HP: 1/24 [gnoll/+2 heavy spear (6)]
   815 | D:1      | Slain by a gnoll

Illustrated notes

Levels and vault maps discovered:
D:1:      dpeg_arrival_houses_and_road, layout_basic, minmay_shallow_snake_nest
D:2:      layout_basic, uniq_crazy_yiuf_cottage

Action                     || total
---------------------------++-------
  Melee: Flail             ||    94
    Use: Scroll            ||     1
 Armour: Scale mail        ||    75
  Dodge: Dodged            ||    47
  Block: Buckler           ||    25

Table legend: (Time is in decaauts)
 A = Elapsed time spent in this place.
 B = Non-inter-level travel time spent in this place.
 C = Inter-level travel time spent in this place.
 D = Time resting spent in this place.
 E = Time spent auto-exploring this place.
 F = Levels seen in this place.
 G = Mean time per level.
                   A        B        C        D        E       F      G
               +--------+--------+--------+--------+--------+-----+--------+
         Total |    844 |    801 |     43 |      0 |    609 |   2 |  422.0 |
       Dungeon |    844 |    801 |     43 |      0 |    609 |   2 |  422.0 |
               +--------+--------+--------+--------+--------+-----+--------+

Top non-repeatable levels by time:
     D:1: 834 daAuts
     D:2: 9 daAuts
